Map: Cosmic Sapphire

Players

A.I. 1 (Very Easy)

  • Race: Protoss Protoss
  • Spawn Location: 5:00

Dorse - Winner!

  • Race: Terran Terran
  • League: Diamond
  • Spawn Location: 11:00

VOD

Have the link to the VOD?

Description

uthermal 2 marauder 6 hellion+ medivac , hit at 420

Time

  • Played on: Jan. 2, 2023, 2:58 p.m.
  • Length: 5:23
Show
View Real Time Build Order
Export as new Build Order

A.I. 1 (Very Easy) Protoss 

Build Orders: 1 Gate Expand, Nexus First 

Get SALT Encoding   

  12  0:00  Probe  
  13  0:13  Probe  
  14  0:19  Pylon  
  14  0:42  Gateway  
  14  1:02  Nexus  
  14  1:20  Pylon  
  14  1:21  Zealot  
  14  1:24  Assimilator  
  16  1:35  Cybernetics Core  
  16  1:38  Probe  
  17  1:50  Probe  
  18  2:00  Probe, Assimilator  
  18  2:05  Stalker  
  19  2:08  Probe  
  22  2:17  Probe  
  23  2:23  Probe  
  23  2:28  Warp Gate  
  24  2:32  Probe  
  25  2:39  Probe  
  26  2:49  Probe  
  27  2:55  Assimilator  
  27  2:56  Probe  
  27  2:57  Pylon  
  28  3:01  Probe  
  29  3:10  Probe  
  30  3:13  Probe  
  30  3:15  Zealot, Robotics Facility  
  31  3:24  Probe  
  34  3:32  Probe  
  35  3:39  Probe  
  36  3:46  Probe  
  36  3:53  Probe  
  37  4:00  Probe  
  38  4:04  Observer  
  38  4:06  Probe  
  40  4:13  Probe  
  41  4:18  Probe  
  41  4:21  Assimilator  
  41  4:24  Stalker  
  44  4:26  Probe, Observer  
  44  4:31  Pylon  
  42  4:37  Probe  
  36  4:44  Probe  
  33  4:51  Probe  
  33  4:52  Zealot  
  29  4:59  Probe  
  22  5:06  Probe  
  13  5:10  Probe  
Show
View Real Time Build Order
Export as new Build Order

Dorse Terran - Winner!

Build Orders: Gas First Reaper Expand, Hellion Banshee 

Get SALT Encoding   

  12  0:00  SCV  
  13  0:12  SCV  
  14  0:17  Supply Depot  
  14  0:24  SCV  
  15  0:31  Refinery  
  15  0:38  SCV  
  16  0:44  Barracks  
  16  0:50  SCV  
  17  1:03  SCV  
  18  1:15  SCV  
  19  1:30  Orbital Command  
  19  1:31  Reaper  
  20  1:41  Command Center  
  20  1:52  Factory  
  20  1:56  SCV  
  21  2:04  Supply Depot  
  21  2:10  Barracks Reactor  
  21  2:12  SCV  
  22  2:20  Refinery  
  22  2:24  SCV  
  23  2:39  SCV  
  24  2:47  Starport  
  24  2:54  Hellion x2  
  24  2:55  Orbital Command, Barracks Tech Lab  
  29  2:58  SCV  
  29  3:10  SCV  
  30  3:14  Marauder  
  30  3:17  Hellion  
  30  3:18  Hellion  
  36  3:21  SCV  
  36  3:24  Medivac  
  36  3:25  Concussive Shells  
  39  3:36  Marauder  
  39  3:39  Hellion x2  
  45  3:48  SCV  
  45  3:50  Supply Depot  
  46  4:05  Starport Tech Lab  
  46  4:09  Supply Depot  
  46  4:10  Supply Depot  
  46  4:12  SCV x2  
  46  4:15  Factory Tech Lab  
  48  4:24  SCV  
  49  4:28  SCV  
  49  4:30  Banshee  
  53  4:31  Marine  
  53  4:36  SCV  
  55  4:40  SCV  
  54  4:48  SCV  
  54  4:52  SCV  
  54  4:59  Supply Depot  
  54  5:00  SCV  
  54  5:04  SCV  
  56  5:09  Command Center  
  56  5:10  Barracks  
Tags
 
Add a new tag
Caveats
  • Supply blocks, unpowered buildings, or Contaminate may cause inaccurate times.
  • Supply counts are checked every 10 seconds.